General information
- name: BNet
- type: Ladder team game (AT/RT)
- host: Battle.net
- saver: steelowns
map: FullScaleAssault
- players: 8
- length: 21:43
- speed: Fast
- version: 1.26 W3XP
- replay type: Public
» download(129 KB)
Players
team 1 (loser)
teamkillerpro (
orange | 45 APM | 963 actions | 21:34)
5 Priestess of the Moon
2 Scout
3 Trueshot Aura
» actions
| Basic commands | 7 | |
| Build / train | 81 | |
| Enter build submenu | 30 | |
| Enter hero's abilities submenu | 5 | |
| Give item / drop item | 1 | |
| Remove unit from queue | 4 | |
| Right click | 343 | |
| Select / deselect | 422 | |
| Use ability | 69 | |
963 total
» units
| Wisp | 30 | |
| Archer | 3 | |
| Huntress | 5 | |
| Hippogryph | 8 | |
| Chimaera | 7 | |
53 total
» upgrades
| Strength of the Wild | 3 | |
| Reinforced Hides | 3 | |
| Corrosive Breath | 1 | |
| Ultravision | 1 | |
8 total
» buildings
| Altar of Elders | 1 | |
| Moon Well | 8 | |
| Ancient of War | 1 | |
| Hunter's Hall | 1 | |
| Tree of Ages | 1 | |
| Tree of Life | 1 | |
| Ancient Protector | 3 | |
| Ancient of Wonders | 1 | |
| Tree of Eternity | 1 | |
| Ancient of Wind | 2 | |
| Chimaera Roost | 3 | |
23 total
» build order
00:13 Altar of Elders
00:20 Moon Well
00:39 Ancient of War
01:37 Moon Well
02:15 Hunter's Hall
02:34 Moon Well
03:34 Moon Well
05:12 Tree of Ages
05:18 Tree of Life
05:30 Moon Well
05:45 Ancient Protector
05:55 Ancient Protector
06:42 Moon Well
07:41 Ancient of Wonders
07:53 Moon Well
09:11 Tree of Eternity
09:14 Ancient of Wind
09:20 Ancient of Wind
11:39 Chimaera Roost
12:18 Chimaera Roost
12:33 Ancient Protector
13:13 Chimaera Roost
16:26 Moon Well
» items
| Scroll of Town Portal | 4 | |
| Potion of Healing | 1 | |
| Anti-magic Potion | 1 | |
6 total
kanu90 (
purple | 34 APM | 728 actions | 21:39)
8 Blademaster
3 Wind Walk
3 Critical Strike
1 Bladestorm
1 Mirror Image
» actions
| Basic commands | 2 | |
| Build / train | 42 | |
| Enter build submenu | 10 | |
| Enter hero's abilities submenu | 8 | |
| Give item / drop item | 1 | |
| Right click | 452 | |
| Select / deselect | 187 | |
| Use ability | 26 | |
728 total
» units
| Peon | 5 | |
| Wind Rider | 16 | |
| Blue Dragon Whelp | 1 | |
| Blue Drake | 1 | |
23 total
» upgrades
| Ranged Weapons | 3 | |
| Armor | 2 | |
| Envenomed Spears | 1 | |
6 total
» buildings
| Altar of Storms | 1 | |
| Orc Burrow | 4 | |
| Stronghold | 1 | |
| Voodoo Lounge | 1 | |
| War Mill | 1 | |
| Beastiary | 2 | |
| Fortress | 1 | |
11 total
» build order
00:09 Altar of Storms
00:12 Orc Burrow
01:35 Stronghold
02:09 Voodoo Lounge
03:19 War Mill
03:58 Beastiary
04:01 Beastiary
04:04 Orc Burrow
04:07 Orc Burrow
07:46 Orc Burrow
08:53 Fortress
» items
| Healing Salve | 1 | |
| Orb of Lightning | 1 | |
2 total
outlawzz (
pink | 20 APM | 338 actions | 16:57)
2 Lich
1 Frost Nova
1 Dark Ritual
1 Death Knight
1 Death Coil
» actions
| Basic commands | 1 | |
| Build / train | 24 | |
| Enter build submenu | 15 | |
| Enter hero's abilities submenu | 3 | |
| Right click | 165 | |
| Select / deselect | 113 | |
| Use ability | 17 | |
338 total
» units
| Acolyte | 7 | |
| Ghoul | 5 | |
| Crypt Fiend | 4 | |
16 total
» upgrades
| Creature Attack | 1 | |
| Unholy Armor | 1 | |
2 total
» buildings
| Ziggurat | 4 | |
| Altar of Darkness | 1 | |
| Crypt | 2 | |
| Graveyard | 1 | |
| Halls of the Dead | 1 | |
| Necropolis | 1 | |
| Slaughterhouse | 1 | |
| Temple of the Damned | 1 | |
12 total
» build order
00:08 Ziggurat
00:10 Altar of Darkness
00:15 Crypt
01:10 Graveyard
01:49 Ziggurat
02:55 Crypt
04:10 Halls of the Dead
05:04 Ziggurat
07:31 Necropolis
07:37 Slaughterhouse
07:46 Temple of the Damned
07:58 Ziggurat
StoneSour13500 (
red | 47 APM | 1011 actions | 21:42)
4 Blademaster
2 Wind Walk
2 Critical Strike
3 Firelord
2 Summon Lava Spawn
1 Soul Burn
1 Lich
1 Frost Nova
» actions
| Basic commands | 7 | |
| Build / train | 34 | |
| Enter build submenu | 20 | |
| Enter hero's abilities submenu | 9 | |
| Right click | 517 | |
| Select / deselect | 386 | |
| Use ability | 37 | |
1011 total
» units
| Peon | 4 | |
| Grunt | 6 | |
| Shaman | 2 | |
| Gargoyle | 6 | |
18 total
» upgrades
| Melee Weapons | 1 | |
| Armor | 1 | |
| Shaman Training | 2 | |
4 total
» buildings
| Altar of Storms | 2 | |
| Orc Burrow | 8 | |
| Barracks | 2 | |
| Stronghold | 1 | |
| War Mill | 1 | |
| Fortress | 1 | |
| Spirit Lodge | 1 | |
| Beastiary | 1 | |
| Tauren Totem | 2 | |
19 total
» build order
00:17 Altar of Storms
00:20 Orc Burrow
00:25 Barracks
01:46 Orc Burrow
02:45 Barracks
02:57 Stronghold
05:00 Orc Burrow
05:01 Orc Burrow
05:57 War Mill
07:26 Orc Burrow
08:16 Fortress
08:20 Spirit Lodge
08:27 Beastiary
11:32 Tauren Totem
11:58 Tauren Totem
13:07 Orc Burrow
15:32 Orc Burrow
15:38 Orc Burrow
18:09 Altar of Storms
team 2 (winner)
steelowns (
teal | 50 APM | 1089 actions | 21:43)
7 Archmage
3 Summon Water Elemental
3 Brilliance Aura
1 Mass Teleport
» actions
| Build / train | 138 | |
| Enter build submenu | 37 | |
| Enter hero's abilities submenu | 7 | |
| Give item / drop item | 2 | |
| Remove unit from queue | 3 | |
| Right click | 381 | |
| Select / deselect | 358 | |
| Use ability | 163 | |
1089 total
» units
| Peasant | 31 | |
| Rifleman | 26 | |
| Goblin Zeppelin | 1 | |
| Goblin Shredder | 4 | |
| Priest | 4 | |
| Sorceress | 4 | |
| Mortar Team | 2 | |
| Siege Engine | 6 | |
78 total
» upgrades
| Plating | 3 | |
| Long Rifles | 1 | |
| Gunpowder | 3 | |
| Armor | 3 | |
| Swords | 3 | |
| Magic Sentry | 1 | |
| Sorceress Training | 1 | |
| Priest Training | 1 | |
| Flare | 1 | |
| Fragmentation Shards | 1 | |
18 total
» buildings
| Altar of Kings | 1 | |
| Farm | 10 | |
| Lumber Mill | 1 | |
| Town Hall | 3 | |
| Barracks | 1 | |
| Blacksmith | 1 | |
| Keep | 1 | |
| Arcane Vault | 1 | |
| Scout Tower | 17 | |
| Arcane Tower | 1 | |
| Guard Tower | 9 | |
| Castle | 1 | |
| Arcane Sanctum | 1 | |
| Workshop | 1 | |
49 total
» build order
00:22 Altar of Kings
00:36 Farm
01:05 Lumber Mill
01:12 Farm
01:51 Farm
03:18 Town Hall
03:30 Barracks
03:43 Blacksmith
04:43 Keep
04:46 Farm
05:18 Arcane Vault
05:21 Scout Tower
05:24 Scout Tower
05:31 Scout Tower
05:34 Scout Tower
05:37 Scout Tower
05:40 Scout Tower
05:54 Arcane Tower
05:55 Guard Tower
06:03 Farm
06:06 Scout Tower
06:07 Guard Tower
06:09 Scout Tower
06:11 Guard Tower
06:14 Scout Tower
06:23 Guard Tower
06:35 Scout Tower
06:37 Scout Tower
07:16 Guard Tower
07:39 Guard Tower
07:45 Farm
08:38 Farm
08:41 Farm
08:50 Castle
09:05 Town Hall
09:26 Farm
09:30 Farm
10:05 Town Hall
10:13 Castle
11:16 Scout Tower
11:19 Scout Tower
11:21 Scout Tower
11:43 Arcane Sanctum
11:48 Workshop
12:00 Guard Tower
16:27 Scout Tower
17:33 Guard Tower
17:36 Scout Tower
20:55 Guard Tower
20:57 Scout Tower
» items
| Healing Salve | 1 | |
| Mechanical Critter | 4 | |
| Scroll of Regeneration | 4 | |
| Scroll of Town Portal | 3 | |
| Potion of Lesser Invulnerability | 2 | |
| Potion of Healing | 3 | |
17 total

»
badaboom007 (
blue | 40 APM | 862 actions | 21:43)
4 Death Knight
2 Death Coil
2 Unholy Aura
4 Dreadlord
2 Sleep
2 Vampiric Aura
3 Lich
2 Frost Nova
1 Frost Armor
» actions
| Assign group hotkey | 12 | |
| Build / train | 68 | |
| Enter build submenu | 23 | |
| Enter hero's abilities submenu | 11 | |
| Give item / drop item | 2 | |
| Remove unit from queue | 3 | |
| Right click | 400 | |
| Select / deselect | 266 | |
| Select group hotkey | 7 | |
| Use ability | 70 | |
862 total
» units
| Acolyte | 11 | |
| Ghoul | 11 | |
| Frost Wyrm | 13 | |
| Gargoyle | 3 | |
38 total
» upgrades
| Creature Attack | 2 | |
| Creature Carapace | 2 | |
4 total
» buildings
| Altar of Darkness | 1 | |
| Crypt | 1 | |
| Ziggurat | 10 | |
| Tomb of Relics | 1 | |
| Halls of the Dead | 1 | |
| Black Citadel | 1 | |
| Sacrificial Pit | 1 | |
| Boneyard | 2 | |
| Graveyard | 1 | |
19 total
» build order
00:07 Altar of Darkness
00:11 Crypt
00:37 Ziggurat
00:55 Tomb of Relics
01:18 Ziggurat
02:19 Ziggurat
03:09 Halls of the Dead
05:22 Ziggurat
05:34 Black Citadel
06:49 Sacrificial Pit
07:30 Ziggurat
07:33 Ziggurat
07:37 Ziggurat
08:53 Boneyard
12:10 Boneyard
12:13 Ziggurat
12:19 Ziggurat
12:21 Ziggurat
12:47 Graveyard
» items
| Rod of Necromancy | 2 | |
| Orb of Corruption | 1 | |
| Scroll of Town Portal | 1 | |
4 total

»
jkkjhhg (
yellow | 47 APM | 1013 actions | 21:43)
5 Far Seer
3 Feral Spirit
2 Chain Lighting
4 Tauren Chieftain
2 Endurance Aura
2 War Stomp
» actions
| Assign group hotkey | 28 | |
| Basic commands | 43 | |
| Build / train | 65 | |
| Enter build submenu | 16 | |
| Enter hero's abilities submenu | 9 | |
| Give item / drop item | 5 | |
| Remove unit from queue | 1 | |
| Right click | 439 | |
| Select / deselect | 208 | |
| Select group hotkey | 141 | |
| Use ability | 58 | |
1013 total
» units
| Peon | 7 | |
| Grunt | 7 | |
| Goblin Shredder | 1 | |
| Demolisher | 1 | |
| Tauren | 3 | |
| Shaman | 5 | |
| Troll Witch Doctor | 2 | |
| Troll Headhunter/Berserker | 5 | |
31 total
» upgrades
| Armor | 2 | |
| Berserker Strength | 1 | |
| Shaman Training | 2 | |
| Melee Weapons | 1 | |
| Berserker Upgrade | 1 | |
| Burning Oil | 1 | |
| Pulverize | 1 | |
| Witch Doctor Training | 2 | |
11 total
» buildings
| Altar of Storms | 1 | |
| Barracks | 1 | |
| Orc Burrow | 8 | |
| Voodoo Lounge | 1 | |
| War Mill | 1 | |
| Stronghold | 1 | |
| Fortress | 1 | |
| Great Hall | 1 | |
| Spirit Lodge | 2 | |
| Tauren Totem | 2 | |
19 total
» build order
00:14 Altar of Storms
00:18 Barracks
00:31 Orc Burrow
01:43 Orc Burrow
02:15 Voodoo Lounge
03:19 Orc Burrow
03:31 War Mill
04:16 Stronghold
06:58 Fortress
07:03 Orc Burrow
07:19 Great Hall
07:56 Spirit Lodge
10:45 Orc Burrow
10:46 Orc Burrow
10:46 Orc Burrow
10:49 Tauren Totem
11:12 Tauren Totem
11:22 Spirit Lodge
15:09 Orc Burrow
» items
| Healing Salve | 4 | |
| Lesser Clarity Potion | 2 | |
| Scroll of Speed | 2 | |
| Tiny Great Hall | 1 | |
| Scroll of Town Portal | 1 | |
10 total
Nareng (
green | 32 APM | 703 actions | 21:43)
4 Blademaster
2 Wind Walk
2 Critical Strike
3 Dark Ranger
1 Black Arrow
2 Life Drain
» actions
| Assign group hotkey | 5 | |
| Build / train | 43 | |
| Enter build submenu | 14 | |
| Enter hero's abilities submenu | 7 | |
| Give item / drop item | 1 | |
| Remove unit from queue | 1 | |
| Right click | 416 | |
| Select / deselect | 164 | |
| Select group hotkey | 10 | |
| Use ability | 40 | |
703 total
» units
| Peon | 8 | |
| Grunt | 4 | |
| Shaman | 7 | |
| Spirit Walker | 4 | |
23 total
» upgrades
| Shaman Training | 2 | |
| Spirit Walker Training | 2 | |
4 total
» buildings
| Orc Burrow | 6 | |
| Altar of Storms | 1 | |
| Barracks | 1 | |
| Voodoo Lounge | 1 | |
| Stronghold | 1 | |
| Spirit Lodge | 3 | |
| Fortress | 1 | |
14 total
» build order
00:07 Orc Burrow
00:10 Altar of Storms
01:03 Barracks
01:29 Voodoo Lounge
02:11 Orc Burrow
02:55 Orc Burrow
04:10 Stronghold
04:37 Orc Burrow
06:36 Spirit Lodge
06:42 Spirit Lodge
06:48 Fortress
06:53 Orc Burrow
07:40 Spirit Lodge
07:54 Orc Burrow
» items
| Lesser Clarity Potion | 1 | |
| Healing Salve | 1 | |
| Orb of Lightning | 1 | |
| Scroll of Town Portal | 1 | |
4 total
Chat log
(00:53 / All) steelowns: orange do your job
(01:47 / All) teamkillerpro: k
(18:48 / Allies) badaboom007: gold?
(18:56 / Allies) jkkjhhg: spider
(19:05 / Allies) badaboom007: gargs
(19:08 / Allies) badaboom007: vs hippo
(19:10 / Allies) jkkjhhg: k
(19:25 / Allies) badaboom007: im rdy for rego
(19:35 / Allies) jkkjhhg: so go
(19:39 / Allies) jkkjhhg: meet
(19:46 / Allies) badaboom007: wait me
(20:07 / Allies) jkkjhhg: tp
(20:16 / All) steelowns: ziggus not upgraded
(20:18 / All) steelowns: cool idea
(21:30 / All) steelowns: orange bad player